 Dungeon Crawl Stone Soup version 0.30.1-9-gdf580d7c3d (webtiles) character file.

Game seed: 18353331722956854430

151 Psyclone the Conjurer (level 5, 0/28 HPs)
             Began as a Deep Elf Conjurer on Sept 25, 2023.
             Was an Initiate of Ashenzari.
             Slain by a gnoll bouda
             ... wielding a +0 club
              (11 damage)
             ... on level 3 of the Dungeon.
             The game lasted 00:06:47 (4007 turns).

Psyclone the Conjurer (Deep Elf Conjurer)           Turns: 4007, Time: 00:06:48

Health: 0/28       AC:  5    Str:  4    XL:     5   Next: 10%
Magic:  3/15       EV: 12    Int: 25    God:    Ashenzari [......]
Gold:   131        SH:  0    Dex: 13    Spells: 12/15 levels left

rFire   . . .        m - +0 short sword
rCold   . . .        (no shield)
rNeg    . . .        a - +0 robe
rPois   .            l - +0 helmet
rElec   .            k - +0 cloak
rCorr   .            (no gloves)
SInv    .            t - +0 pair of boots
Will    .....        (no amulet)
Stlth   ++           (no ring)
HPRegen 0.24/turn    (no ring)
MPRegen 0.14/turn

%: no passive effects
@: weakened
A: no striking features
a: Renounce Religion


You were on level 3 of the Dungeon.
You worshipped Ashenzari.
Ashenzari was noncommittal.
You visited 1 branch of the dungeon, and saw 4 of its levels.

You collected 131 gold pieces.

Inventory:

Hand Weapons
 m - a +0 short sword (weapon)
Armour
 a - a +0 robe (worn)
 k - a +0 cloak (worn)
 l - a +0 helmet (worn)
 t - a +0 pair of boots (worn)
Jewellery
 o - a ring of ice
 p - an amulet of faith
Wands
 n - a wand of digging (8)
 v - a wand of iceblast (4)
Scrolls
 c - 2 scrolls of identify {unknown}
 f - a scroll of amnesia {unknown}
 g - a scroll of noise {unknown}
 j - a scroll of blinking {unknown}
 s - a scroll of poison {unknown}
Potions
 b - a potion of magic
 d - 4 potions of curing {unknown}
 e - a potion of cancellation {unknown}
 h - a potion of heal wounds {unknown}
 i - a potion of ambrosia {unknown}
 q - a potion of flight {unknown}
 r - a potion of mutation {unknown}
 u - a potion of resistance {unknown}
 w - a potion of brilliance {unknown}


   Skills:
 - Level 2.4 Dodging
 - Level 2.4 Stealth
 + Level 5.5 Spellcasting
 + Level 5.8 Conjurations


You had 12 spell levels left.
You knew the following spells:

 Your Spells              Type           Power      Damage    Failure   Level
a - Magic Dart            Conj           100%       1d8       1%          1
b - Searing Ray           Conj           72%        2d7       1%          2

Your spell library contained the following spells:

 Spells                   Type           Power      Damage    Failure   Level
 Kiss of Death            Conj/Necr      84%        2d11      2%          1
 Shock                    Conj/Air       84%        1d8       2%          1
 Dazzling Flash           Conj/Hex       42%        N/A       7%          3
 Summon Small Mammal      Summ           24%        N/A       8%          1
 Call Canine Familiar     Summ           6%         N/A       24%         3
 Confusing Touch          Hex            6%         N/A       24%         3
 Summon Guardian Golem    Hex/Summ       6%         N/A       24%         3
 Swiftness                Air            6%         N/A       24%         3
 Volatile Blastmotes      Fire/Tloc      12%        2d11      24%         3
 Fulminant Prism          Conj/Hex       10%        3d8       24%         4
 Iskenderun's Mystic Bla  Conj/Tloc      21%        2d6       24%         4
 Airstrike                Air            3%         2d(1-17)  61%         4
 Dispel Undead            Necr           6%         3d8       61%         4
 Starburst                Conj/Fire      10%        6d5       98%         6


Dungeon Overview and Level Annotations

Branches:
Dungeon (4/15) Zot: 19992
 Temple: D:4-7

Altars:
Ashenzari
Kikubaaqudgha
Makhleb
Nemelex Xobeh
Vehumet

Annotations:
D:3 exclusion: kobold brigand


Message History

You climb upwards.
Level annotation: exclusion: kobold brigand
There is a stone staircase leading down here.
The gnoll bouda gazes fiercely through you!
You feel as though you will be weak longer.
The gnoll bouda closely misses you.
The gnoll bouda attacks as you move away!
The gnoll bouda closely misses you.
The gnoll bouda gazes fiercely through you!
You feel as though you will be weak longer.
The gnoll bouda attacks as you move away!
The gnoll bouda completely misses you.
The gnoll bouda attacks as you move away!
The gnoll bouda completely misses you.
The gnoll bouda attacks as you move away!
The gnoll bouda hits you with a +0 club.
You take 4 damage, and have 22/28 hp.
The gnoll bouda attacks as you move away!
The gnoll bouda hits you with a +0 club.
You take 3 damage, and have 19/28 hp.
The gnoll bouda attacks as you move away!
The gnoll bouda hits you with a +0 club!
You take 8 damage, and have 12/28 hp.
MASSIVE DAMAGE!!
The gnoll bouda attacks as you move away!
The gnoll bouda hits you with a +0 club.
The gnoll bouda gazes fiercely through you!
You feel as though you will be weak longer.
You take 2 damage, and have 10/28 hp.
The gnoll bouda attacks as you move away!
The gnoll bouda barely misses you.
Casting: Searing Ray (safe; 1% risk of failure)
Confirm with . or Enter, or press ? or * to list all spells.
Aiming: Searing Ray (safe; 1% risk of failure)
Press: ? - help, Shift-Dir - straight line, f - gnoll bouda
Aim: a gnoll bouda, wielding a +0 club and wearing a +0 leather armour (moderately wounded, 83% to hit)
The searing ray hits the gnoll bouda!
The gnoll bouda is severely wounded. (Press . to maintain the ray.)
The gnoll bouda hits you with a +0 club!
You die...

#..#..######
#.....########### #######
#..._.##........#
......###.....##(######.#
..........##..##.######.#
###^####..#####......##.#
..... #...##.##.###.##.#
.......#......##g# #.##.#
.......#.)....##@###.##.#
..._...#...#..##........#
.......#.(....######.####
.......#..##.## #.# .....
#..##.# #.##
########.....# #..#
...........### ##.#
##.####.....## ###.#
######.......## ##.#.#


You could see a gnoll bouda.

Vanquished Creatures
  A hound (D:4)
  An adder (D:4)
  3 gnolls (D:4)
  2 worms
  5 orcs (D:3)
  6 ball pythons
  4 bats
  7 endoplasms
  6 giant cockroaches
  4 hobgoblins
  2 jackals (D:2)
  6 quokkas
  5 frilled lizards
  5 goblins
  5 kobolds
  5 rats
67 creatures vanquished.

Notes
Turn   | Place    | Note
-------+----------+-------------------------------------------
     0 | D:1      | Psyclone the Deep Elf Conjurer began the quest for the Orb.
     0 | D:1      | Reached XP level 1. HP: 10/10 MP: 6/6
   218 | D:1      | Reached XP level 2. HP: 15/15 MP: 4/8
   291 | D:1      | Learned a level 2 spell: Searing Ray
  1236 | D:2      | Reached XP level 3. HP: 19/19 MP: 8/10
  1521 | D:2      | Reached skill level 5 in Conjurations
  1576 | D:2      | Found a sparkling altar of Nemelex Xobeh.
  2605 | D:3      | Found an ancient bone altar of Kikubaaqudgha.
  2693 | D:3      | Reached XP level 4. HP: 24/24 MP: 0/12
  3099 | D:3      | Found a burning altar of Makhleb.
  3172 | D:3      | Noticed a kobold brigand
  3306 | D:3      | Found a radiant altar of Vehumet.
  3489 | D:3      | Found a broken altar of Ashenzari.
  3667 | D:3      | Became a worshipper of Ashenzari the Shackled
  3978 | D:4      | Reached skill level 5 in Spellcasting
  3984 | D:4      | Reached XP level 5. HP: 28/28 MP: 1/15
  4007 | D:3      | Slain by a gnoll bouda

Illustrated notes

Levels and vault maps discovered:
D:1:      amcnicky_arrival_wind_blow, layout_basic
D:2:      layout_basic, basic_altar, st_stairs_5, minmay_misc_feat_doors,
          kennysheep_small_spiral, kennysheep_generic_room_16
D:3:      layout_loops_corners, lemuel_tele_altar, marbit_many_paths,
          mainiacjoe_overflow_alcove_1, lemuel_crystal_altar
D:4:      layout_basic, dancing_weapons_uskayaw, minmay_temple_entry_glass

Skill      XL: |  1  2  3  4 |
---------------+-------------+-----
Spellcasting   | 4 5 |  5.5
Conjurations   | 5 |  5.8
Dodging        | |  2.4
Stealth        | |  2.4

Action                     |  1- 3 |  4- 6 || total
---------------------------+-------+-------++-------
   Cast: Magic Dart        |    93 |    29 ||   122
         Searing Ray       |       |     3 ||     3
 Armour: Robe              |     2 |     1 ||     3
  Dodge: Dodged            |    11 |     8 ||    19
